 Dungeon Crawl Stone Soup version 0.21.1-1-g345015fe64 (webtiles) character file.

109 DildoBatman the Magician (level 5, -2/41 HPs)
             Began as a Formicid Wizard on June 5, 2018.
             Slain by an orc wizard
             ... wielding a +0 dagger
              (3 damage)
             ... on level 2 of the Dungeon.
             The game lasted 00:08:34 (2713 turns).

DildoBatman the Magician (Formicid Wizard)          Turns: 2713, Time: 00:08:35

Health: -2/41      AC:  1    Str: 17    XL:     5   Next: 13%
Magic:  0/9        EV: 12    Int: 18    God:
Gold:   95         SH:  0    Dex:  9    Spells: 4/10 levels left

rFire    . . .     SeeInvis +   a - +0 club
rCold    . . .     Gourm    .   (no shield)
rNeg     . . .     Faith    .   h - -1 robe (curse)
rPois    .         Spirit   .   (helmet unavailable)
rElec    .         Reflect  .   (no cloak)
rCorr    .         Harm     .   (no gloves)
MR       .....                  (no boots)
Stlth    +.........             (no amulet)
HPRegen  0.13/turn              d - ring of loudness (curse)
MPRegen  0.11/turn              (no ring)

@: mighty
A: permanent stasis, dig shafts and tunnels, four strong arms, antennae 3,
deterioration 1, robust 1
a: Dig, Shaft Self


You were on level 2 of the Dungeon.
You were not hungry.

You visited 1 branch of the dungeon, and saw 3 of its levels.

You collected 95 gold pieces.

Inventory:

Hand Weapons
 a - a +0 club (weapon)
 b - a +0 hunting sling
Missiles
 k - 16 sling bullets
 l - 29 arrows
 m - 88 stones (quivered)
 o - 14 poisoned needles
 p - 18 bolts
Armour
 h - a cursed -1 robe (worn)
 q - a +0 ring mail
 t - a +0 shield
Jewellery
 d - a cursed ring of loudness (left hand)
Scrolls
 c - a scroll of immolation
 e - a scroll of random uselessness {unknown}
 g - a scroll of enchant weapon
 r - 2 scrolls of remove curse {unknown}
 s - 2 scrolls of identify
 w - 3 scrolls of enchant armour {unknown}
 y - a scroll of magic mapping
Potions
 n - a potion of agility {unknown}
 u - a potion of ambrosia {unknown}
Books
 f - a book of Minor Magic

   Spells                             Type                      Level
   a - Magic Dart                     Conjuration                  1
   b - Blink                          Translocation                2
   c - Call Imp                       Summoning                    2
   d - Slow                           Hexes                        2
   e - Conjure Flame                  Conjuration/Fire             3
   f - Mephitic Cloud                 Conjuration/Poison/Air       3
 x - Jessica's Volume of the Oath
   (You found it on level 2 of the Dungeon)

   Spells                             Type                      Level
   a - Confusing Touch                Hexes                        1
   b - Corona                         Hexes                        1
Comestibles
 v - 7 rations
 z - 4 chunks of flesh


   Skills:
 * Level 2.3 Fighting
 * Level 0.9 Armour
 - Level 2.0 Dodging
 * Level 2.9 Stealth
 - Level 3.2 Spellcasting
 - Level 3.0 Conjurations
   Level 1.0 Summonings
   Level 0.8 Translocations


You had 4 spell levels left.
You knew the following spells:

 Your Spells              Type           Power        Failure   Level  Hunger
a - Slow                  Hex            #.......     24%         2    ##.....
c - Magic Dart            Conj           ##..         4%          1    None
e - Mephitic Cloud        Conj/Pois/Air  #.......     32%         3    ###....


Dungeon Overview and Level Annotations

Branches:
Dungeon (3/15)

Altars:
Elyvilon
The Shining One

Annotations:
D:3 Robin


Innate Abilities, Weirdness & Mutations

You cannot be hasted, slowed, berserked, paralysed or teleported.
You can dig through walls and to a lower floor.
Your four strong arms can wield two-handed weapons with a shield.
You have a pair of large antennae on your head. (SInv)
Your body sometimes deteriorates upon taking damage.
You are robust. (+10% HP)


Message History

Press: ? - help, Shift-Dir - straight line, f/p - orc wizard
Aim: an orc wizard, wielding a dagger and wearing a robe (moderately wounded, fast)
The magic dart hits the orc wizard.
The orc wizard is moderately wounded.
The orc wizard hits you with a dagger.
It was a potion of mutation.
You feel extremely strange.
You feel yourself wasting away.
You feel robust. The orc wizard barely misses you.
The orc wizard hits you but does no damage.
a - a +0 club (weapon)
You feel very mighty all of a sudden. The orc wizard misses you.
The orc wizard hits you with a dagger.
You completely miss the orc wizard.
The orc wizard is moderately wounded.
The orc wizard closely misses you. The orc wizard hits you with a dagger.
You die...

......#.#####.##....#######
#.### ......#.....#.......#
#....
.....######.#..#....######
#####.
.....######....#.........#
#.....
..#........###...........#
#.####
..#......................# #.#
..#......................###.#
..#....####..).o.............#
..#....##.......@........#####
..#######................#
........#...##...#########
#.......#...#........#
#.......#...#........#
#.......#...#........#####
#.......#...#............##
#.......#...#.............##
#.......#####.......#####..##


You could see an orc wizard.

Vanquished Creatures
  Jessica (D:2)
  2 adders
  An ooze (D:1)
  3 leopard geckos
  2 orcs (D:3)
  4 giant cockroaches
  8 goblins
  10 hobgoblins
  2 quokkas (D:2)
  A ball python (D:2)
  7 bats
  6 frilled lizards
  A kobold (D:1)
  4 rats
52 creatures vanquished.

Notes
Turn   | Place    | Note
-------+----------+-------------------------------------------
     0 | D:1      | DildoBatman the Formicid Wizard began the quest for the Orb.
     0 | D:1      | Reached XP level 1. HP: 13/13 MP: 4/4
    24 | D:1      | Reached skill level 1 in Conjurations
   315 | D:1      | Reached skill level 1 in Fighting
   315 | D:1      | Reached XP level 2. HP: 21/21 MP: 1/6
   677 | D:1      | Reached XP level 3. HP: 19/27 MP: 0/7
   681 | D:1      | Learned a level 2 spell: Slow
   685 | D:1      | Learned a level 3 spell: Mephitic Cloud
  1279 | D:2      | Found a white marble altar of Elyvilon.
  1281 | D:2      | Found a glowing golden altar of the Shining One.
  1763 | D:2      | Reached XP level 4. HP: 25/33 MP: 6/8
  2248 | D:2      | Noticed Jessica
  2264 | D:2      | Killed Jessica
  2264 | D:2      | Reached XP level 5. HP: 28/38 MP: 0/9
  2282 | D:2      | Identified Jessica's Volume of the Oath
  2590 | D:3      | Noticed Robin
  2710 | D:2      | Gained mutation: Your body sometimes deteriorates upon taking damage. [potion of mutation]
  2710 | D:2      | Gained mutation: You are robust. (+10% HP) [potion of mutation]
  2712 | D:2      | HP: 1/41 [orc wizard/dagger (1)]
  2713 | D:2      | Slain by an orc wizard

Skill      XL: |  1  2  3  4 |
---------------+-------------+-----
Conjurations   | 1 2 3 |  3.0
Fighting       | 1 2 |  2.3
Dodging        | 2 |  2.0
Armour         | |  0.9
Stealth        | |  2.9
Spellcasting   | |  3.2
Summonings     | |  1.0
Translocations | |  0.8

Action                   |  1- 3 |  4- 6 || total
-------------------------+-------+-------++-------
Melee: Unarmed           |     5 |       ||     5
       Club              |     2 |     1 ||     3
       Hunting sling     |       |     1 ||     1
 Fire: Hunting sling     |       |     7 ||     7
 Cast: Magic Dart        |    80 |    69 ||   149
  Use: Scroll            |     6 |       ||     6
       Potion            |     1 |     2 ||     3
  Eat: Chunk             |     2 |     3 ||     5
Armor: Robe              |     2 |     5 ||     7
Dodge: Dodged            |    16 |    17 ||    33
